Map: Ruins of Seras

Players

Bagain - Winner!

  • Race: Protoss Protoss
  • League: Gold

YNWA

  • Race: Zerg Zerg
  • League: Gold

VOD

Have the link to the VOD?

Description

Time

  • Played on: Feb. 13, 2016, 9:14 a.m.
  • Length: 10:01
Show
View Real Time Build Order
Export as new Build Order

Bagain Protoss - Winner!

Build Orders: 1 Gate Expand 

Get SALT Encoding   

  12  0:01  Probe (Chrono Boost)  
  13  0:12  Probe (Chrono Boost)  
  14  0:20  Pylon  
  14  0:23  Probe (Chrono Boost)  
  15  0:38  Probe (Chrono Boost)  
  15  0:42  Gateway  
  16  0:48  Probe (Chrono Boost)  
  17  0:52  Assimilator  
  17  0:59  Probe (Chrono Boost)  
  18  1:10  Probe (Chrono Boost)  
  19  1:20  Probe (Chrono Boost)  
  20  1:26  Pylon  
  20  1:38  Nexus  
  20  1:47  Cybernetics Core  
  20  1:50  Probe (Chrono Boost)  
  21  2:03  Probe (Chrono Boost), Assimilator  
  22  2:14  Probe (Chrono Boost)  
  23  2:26  Adept, Mothership Core (Chrono Boost)  
  26  2:37  Gateway  
  26  2:39  Warp Gate  
  26  2:50  Probe (Chrono Boost)  
  27  2:58  Adept  
  29  3:01  Probe (Chrono Boost)  
  30  3:06  Pylon  
  30  3:10  Robotics Facility  
  30  3:12  Probe (Chrono Boost)  
  31  3:22  Probe (Chrono Boost)  
  32  3:32  Stalker x2  
  32  3:33  Probe (Chrono Boost)  
  37  3:43  Probe (Chrono Boost)  
  38  3:54  Probe (Chrono Boost)  
  39  4:04  Probe (Chrono Boost)  
  39  4:05  Stalker x2  
  39  4:07  Immortal  
  48  4:15  Probe (Chrono Boost)  
  49  4:25  Probe (Chrono Boost)  
  49  4:26  Gateway  
  49  4:29  Gateway  
  50  4:37  Probe (Chrono Boost)  
  51  4:42  Pylon  
  51  4:45  Pylon  
  51  4:48  Probe (Chrono Boost)  
  51  4:49  Pylon, Assimilator  
  51  4:52  Assimilator  
  52  4:58  Probe (Chrono Boost)  
  53  5:01  Immortal  
  57  5:08  Robotics Facility  
  57  5:10  Stalker  
  57  5:11  Stalker  
  61  5:24  Probe (Chrono Boost)  
  62  5:28  Adept x2  
  62  5:32  Robotics Bay  
  62  5:35  Probe (Chrono Boost)  
  67  5:38  Pylon  
  67  5:40  Stalker x2  
  71  5:50  Probe (Chrono Boost)  
  71  5:56  Sentry  
  74  5:58  Zealot  
  76  6:06  Probe (Chrono Boost)  
  77  6:11  Zealot  
  77  6:12  Zealot  
  81  6:21  Disruptor  
  84  6:26  Nexus  
  84  6:28  Pylon  
  84  6:33  Pylon  
  84  6:34  Probe (Chrono Boost)  
  84  6:36  Pylon  
  85  6:47  Disruptor (Chrono Boost)  
  88  6:50  Adept  
  88  6:51  Adept x3  
  88  6:53  Gateway  
  96  6:57  Disruptor (Chrono Boost)  
  99  7:18  Stalker  
  99  7:19  Stalker x3  
  107  7:35  Pylon  
  107  7:38  Immortal (Chrono Boost)  
  107  7:43  Adept x2, Pylon  
  107  7:44  Adept x2  
  119  7:45  Pylon  
  119  7:47  Pylon  
  119  7:54  Gateway  
  119  7:59  Probe  
  119  8:03  Probe  
  121  8:08  Assimilator  
  121  8:09  Probe  
  121  8:12  Assimilator  
  122  8:15  Observer x2 (Chrono Boost), Probe  
  122  8:18  Zealot x3  
  131  8:20  Probe  
  131  8:21  Sentry  
  134  8:27  Probe  
  134  8:30  Probe  
  134  8:33  Observer (Chrono Boost)  
  134  8:34  Observer (Chrono Boost)  
  138  8:40  Zealot x3  
  144  8:57  Colossus (Chrono Boost)  
  144  9:01  Colossus (Chrono Boost)  
  156  9:20  Pylon, Probe  
  156  9:23  Pylon  
  157  9:26  Pylon  
  157  9:30  Pylon  
  157  9:33  Pylon  
  157  9:37  Pylon  
Show
View Real Time Build Order
Export as new Build Order

YNWA Zerg 

Build Orders: Hatch First 

Get SALT Encoding   

  12  0:08  Drone x2  
  14  0:17  Overlord  
  14  0:44  Hatchery  
  14  0:47  Drone  
  14  0:53  Drone  
  15  0:58  Drone x2  
  17  1:15  Spawning Pool  
  16  1:18  Extractor  
  16  1:19  Drone  
  16  1:30  Drone  
  17  1:34  Extractor, Drone  
  17  1:46  Overlord  
  17  1:54  Drone  
  18  2:02  Zergling x2  
  18  2:04  Queen  
  18  2:07  Queen  
  23  2:12  Drone  
  23  2:15  Zergling x2  
  25  2:20  Zergling x2  
  26  2:32  Drone x3  
  29  2:39  Metabolic Boost  
  29  2:54  Queen  
  29  2:56  Drone  
  32  3:04  Drone x3  
  34  3:13  Drone  
  34  3:15  Overlord  
  35  3:32  Spine Crawler  
  35  3:34  Drone  
  35  3:39  Roach Warren  
  34  3:53  Spore Crawler  
  33  3:56  Overlord x2  
  32  4:12  Drone x2, Evolution Chamber  
  32  4:14  Evolution Chamber  
  32  4:26  Drone  
  32  4:27  Overlord, Drone  
  34  4:37  Roach x3, Spine Crawler  
  39  4:42  Zerg Missile Weapons Level 1  
  39  4:53  Roach x2  
  43  5:01  Drone x4  
  47  5:15  Drone x2  
  47  5:16  Drone x3  
  47  5:21  Extractor  
  51  5:23  Extractor  
  50  5:31  Drone x2  
  50  5:32  Overlord  
  50  5:33  Roach  
  54  5:39  Zerg Ground Armor Level 1  
  54  5:46  Lair  
  54  6:03  Drone x9  
  63  6:28  Hatchery  
  63  6:32  Drone x2  
  64  6:33  Roach x4, Drone  
  64  6:34  Roach  
  64  6:37  Overlord  
  75  6:49  Ravager, Spore Crawler  
  75  6:59  Hydralisk Den, Zerg Missile Weapons Level 2  
  74  7:03  Overlord  
  74  7:05  Roach x2  
  74  7:06  Roach  
  80  7:18  Burrow  
  80  7:19  Roach  
  80  7:21  Overlord x4  
  82  7:29  Ravager x6  
  88  7:30  Ravager x3  
  90  7:49  Hydralisk x2  
  90  7:50  Hydralisk x3  
  100  8:01  Drone x5  
  100  8:03  Queen  
  107  8:15  Hydralisk x3  
  113  8:24  Extractor, Spire  
  113  8:25  Extractor  
  110  8:38  Drone x6  
  116  9:10  Zergling x10  
  116  9:15  Ravager x3  
  116  9:16  Ravager  
  125  9:17  Zergling x8  
  125  9:23  Zergling x2  
  130  9:25  Overlord x6  
Tags
 
Add a new tag
Caveats
  • Supply blocks, unpowered buildings, or Contaminate may cause inaccurate times.
  • Supply counts are checked every 10 seconds.